 Dungeon Crawl Stone Soup version 0.30-a0-748-ge6a52f7cba (webtiles) character file.

Game seed: 10911306242706039447

93 jimonade the Shooter (level 4, 0/29 HPs)
             Began as an Octopode Hexslinger on Feb 8, 2023.
             Killed from afar by Natasha (9 damage)
             ... with a magic dart
             ... on level 2 of the Dungeon.
             The game lasted 00:02:33 (969 turns).

jimonade the Shooter (Octopode Hexslinger)           Turns: 969, Time: 00:02:34

Health: 0/29       AC:  1    Str:  9    XL:     4   Next: 61%
Magic:  1/5        EV: 13    Int: 15    God:
Gold:   62         SH:  0    Dex: 14    Spells: 4/5 levels left

rFire   . . .      SeeInvis .    a - +1 sling
rCold   . . .      Faith    .    (no shield)
rNeg    . . .      Spirit   .    (helmet restricted)
rPois   .          Reflect  .    (no amulet)
rElec   .          Harm     .    (no ring)
rCorr   .          Rampage  .    (no ring)
Will    .....                    (no ring)
Stlth   ++                       (no ring)
HPRegen 0.24/turn                (no ring)
MPRegen 0.09/turn                (no ring)
                                 (no ring)
                                 (no ring)

@: no status effects
A: almost no armour, amphibious, 8 rings, camouflage 1, gelatinous body 1,
(nimble swimmer 1), tentacles
a: no special abilities


You were on level 2 of the Dungeon.
You visited 1 branch of the dungeon, and saw 2 of its levels.

You collected 62 gold pieces.

Inventory:

Hand Weapons
 a - a +1 sling (weapon)
 b - a +0 short sword of venom
Missiles
 s - 4 poisoned darts
Scrolls
 c - a scroll of blinking {unknown}
 e - 4 scrolls of fear {unknown}
 f - 2 scrolls of identify {unknown}
 h - a scroll of brand weapon {unknown}
 j - a scroll of poison
 l - a scroll of teleportation {unknown}
 n - a scroll of magic mapping {unknown}
 p - a scroll of enchant weapon {unknown}
 r - a scroll of enchant armour {unknown}
Potions
 d - 2 potions of ambrosia {unknown}
 g - 2 potions of curing {unknown}
 i - a potion of berserk rage {unknown}
 k - 2 potions of heal wounds {unknown}
 m - 2 potions of haste
 o - a potion of lignification {unknown}
 q - a potion of degeneration {unknown}


   Skills:
 + Level 1.6 Fighting
 * Level 4.3 Ranged Weapons
 + Level 2.0 Dodging
 + Level 0.1 Stealth
 + Level 1.1 Spellcasting
 + Level 3.0 Hexes


You had 4 spell levels left.
You knew the following spells:

 Your Spells              Type           Power      Damage    Failure   Level
a - Slow                  Hex            40%        N/A       7%          1

Your spell library contained the following spells:

 Spells                   Type           Power      Damage    Failure   Level
 Inner Flame              Hex/Fire       5%         N/A       36%         3
 Portal Projectile        Hex/Tloc       10%        N/A       36%         3
 Cause Fear               Hex            5%         N/A       56%         4
 Flame Wave               Conj/Fire      0%         2d4       94%         4
 Sticky Flame             Conj/Fire      0%         2d3       94%         4


Dungeon Overview and Level Annotations

Branches:
Dungeon (2/15)

Altars:

Shops:
D:1 [

Annotations:
D:2 Natasha


Innate Abilities, Weirdness & Mutations

You cannot wear most types of armour.
You are amphibious.
You can wear up to eight rings at the same time.
Your skin changes colour to match your surroundings (Stealth+).
Your rubbery body absorbs attacks. (AC +1, EV +1)
((You are camouflaged when in or above water. (Stealth+)))
You have tentacles for arms and can constrict up to eight enemies at once.


Message History

Aim: Natasha, carrying a wand of roots (6) (chance to affect: 44%) Natasha resists with some effort.
The grasping roots constrict you.
Casting: Slow (safe; 7% risk of failure)
Confirm with . or Enter, or press ? or * to list all spells.
Okay, then.
Unknown command.
Casting: Slow (safe; 7% risk of failure)
Confirm with . or Enter, or press ? or * to list all spells.
Aiming: Slow (safe; 7% risk of failure)
Press: ? - help, Shift-Dir - straight line, f/p - Natasha
Aim: Natasha, carrying a wand of roots (6) (chance to affect: 44%) Natasha resists with some effort.
Natasha growls.
The grasping roots constrict you.
* * * LOW HITPOINT WARNING * * *
The grasping roots release their grip on you.
Casting: Slow (safe; 7% risk of failure)
Confirm with . or Enter, or press ? or * to list all spells.
Aiming: Slow (safe; 7% risk of failure)
Press: ? - help, Shift-Dir - straight line, f/p - Natasha
Aim: Natasha, carrying a wand of roots (6) (chance to affect: 44%) Natasha seems to slow down.
Natasha stares at you and mumbles some strange words.
You resist with some effort.
Fire: a) +1 sling
Press: ? - help, Q - select action, (/) - cycle Shift-Dir - straight line, f/p - Natasha
Aim: Natasha, carrying a wand of roots (6) (slow, 51% to hit)
You shoot a sling bullet. The sling bullet barely misses Natasha.
Fire: a) +1 sling
Press: ? - help, Q - select action, (/) - cycle Shift-Dir - straight line, f/p - Natasha
Aim: Natasha, carrying a wand of roots (6) (slow, 51% to hit)
You shoot a sling bullet. The sling bullet hits Natasha.
Natasha is moderately wounded.
Fire: a) +1 sling
Press: ? - help, Q - select action, (/) - cycle Shift-Dir - straight line, f/p - Natasha
Aim: Natasha, carrying a wand of roots (6) (moderately wounded, slow, 51% to hit)
You shoot a sling bullet. The sling bullet misses Natasha.
Natasha stares at you and mumbles some strange words.
The magic dart hits you!
You die...

######### #########
#........ #.......#
#........
#.......###........
#.@...).....†......
###..................
#....h...............
#...).............##.
#.......##...........
##.........#+#........
.........<.#.#........
...........#.#...#....
......................


You could see Natasha (slow).

Vanquished Creatures
  Natasha (twice) (D:2)
  3 dart slugs (D:1)
  3 ball pythons
  5 bats
  2 endoplasms (D:1)
  A goblin (D:2)
  7 hobgoblins
  3 frilled lizards (D:1)
  9 kobolds
  3 rats
38 creatures vanquished.

Notes
Turn   | Place    | Note
-------+----------+-------------------------------------------
     0 | D:1      | jimonade the Octopode Hexslinger began the quest for the
                  | Orb.
     0 | D:1      | Reached XP level 1. HP: 13/13 MP: 2/2
    72 | D:1      | Reached XP level 2. HP: 14/18 MP: 1/3
   179 | D:1      | Reached skill level 3 in Ranged Weapons
   208 | D:1      | Found Beudastru's Armour Shop.
   284 | D:1      | Reached XP level 3. HP: 23/23 MP: 4/4
   794 | D:2      | Noticed Natasha
   798 | D:2      | Killed Natasha
   799 | D:2      | Reached XP level 4. HP: 19/28 MP: 5/5
   885 | D:2      | Noticed Natasha
   891 | D:2      | Killed Natasha
   892 | D:2      | Reached skill level 4 in Ranged Weapons
   962 | D:2      | Noticed Natasha
   969 | D:2      | Killed from afar by Natasha

Illustrated notes

Levels and vault maps discovered:
D:1:      zaba_arrival_water, layout_rooms, serial_shops,
          nicolae_shop_statue_plus
D:2:      layout_basic, shapermc_ecumenical_altar_petra, uniq_natasha

Skill      XL: |  1  2  3  4 |
---------------+-------------+-----
Ranged Weapons | 3 4 |  4.3
Fighting       | |  1.6
Dodging        | |  2.0
Stealth        | |  0.1
Spellcasting   | |  1.1
Hexes          | |  3.0

Action                     |  1- 3 |  4- 6 || total
---------------------------+-------+-------++-------
   Fire: Sling             |    92 |    15 ||   107
   Cast: Slow              |     3 |     4 ||     7
 Armour: Skin              |     8 |       ||     8
  Dodge: Dodged            |    58 |       ||    58

Table legend: (Time is in decaauts)
 A = Elapsed time spent in this place.
 B = Non-inter-level travel time spent in this place.
 C = Inter-level travel time spent in this place.
 D = Time resting spent in this place.
 E = Time spent auto-exploring this place.
 F = Levels seen in this place.
 G = Mean time per level.
                   A        B        C        D        E       F      G
               +--------+--------+--------+--------+--------+-----+--------+
         Total |    994 |    971 |     23 |      0 |    691 |   2 |  497.0 |
       Dungeon |    994 |    971 |     23 |      0 |    691 |   2 |  497.0 |
               +--------+--------+--------+--------+--------+-----+--------+

Top non-repeatable levels by time:
     D:1: 686 daAuts
     D:2: 308 daAuts
